 Dungeon Crawl Stone Soup version 0.29.1-15-g9cfb28693d (webtiles) character file.

Game seed: 226042600407504345

118664 croobank the Covert (level 16, -6/121 (127) HPs)
             Began as a Demonspawn Conjurer on Mar 8, 2023.
             Was an Initiate of Gozag.
             Mangled by a demonic crawler (13 damage)
             ... on level 1 of the Spider Nest on Mar 9, 2023.
             The game lasted 03:04:51 (46850 turns).

croobank the Covert (Demonspawn Conjurer)          Turns: 46850, Time: 03:04:52

HP:   -6/121 (127)  AC:  6    Str:  8    XL:     16   Next: 26%
MP:   12/31         EV: 21    Int: 30    God:    Gozag
Gold: 5585          SH:  0    Dex: 13    Spells: 16/37 levels left

rFire   . . .      SeeInvis +   R - +6 scimitar (flame)
rCold   . . .      Faith    .   (no shield)
rNeg    . . .      Spirit   .   (no body armour)
rPois   .          Reflect  .   D - +2 helmet "Xidwogg" {rCorr Int+4 Stlth+}
rElec   .          Harm     .   N - +2 cloak
rCorr   +          Rampage  .   (gloves unavailable)
Will    +....                   (no boots)
Stlth   ++++++....              q - amulet of the acrobat
HPRegen 0.30/turn               Q - +4 ring of evasion
MPRegen 0.22/turn               H - ring of see invisible

@: on berserk cooldown, slowed, lightly drained, very slow
A: hooves 2, foul stench 2, powered by death 2, weakness stinger 2, demonic
touch 3
a: Renounce Religion, Potion Petition, Call Merchant, Bribe Branch


You were on level 1 of the Spider Nest.
You worshipped Gozag.
Gozag was greatly pleased with you.
You visited 5 branches of the dungeon, and saw 24 of its levels.
You also visited: Bailey and Gauntlet.

You collected 9252 gold pieces.
You spent 944 gold pieces at shops.
You paid 2723 gold pieces to Gozag.

Inventory:

Hand Weapons
 a - the +2 dagger of Jazyufia {flame, rC+ Will- rCorr Int+8}
   (You bought it in a shop on level 2 of the Dungeon)

   It burns those it strikes, dealing additional fire damage.
   Int:       It affects your intelligence (+8).
   rC:        It protects you from cold.
   rCorr:     It protects you from acid and corrosion.
   Will:      It decreases your willpower.
 E - a +2 dagger of speed
 L - the +3 hammer of Unpleasantness {flame, rF++}
   (You found it on level 6 of the Dungeon)

   It burns those it strikes, dealing additional fire damage.
   rF:        It greatly protects you from fire.
 R - a +6 scimitar of flaming (weapon)
 T - a +6 shortbow
Missiles
 s - a boomerang of dispersal (quivered)
 F - a curare-tipped dart
 X - 7 throwing nets
Armour
 m - a +1 ring mail of poison resistance
 D - the +2 helmet "Xidwogg" (worn) {rCorr Int+4 Stlth+}
   (You found it in a Gauntlet)

   Int:       It affects your intelligence (+4).
   rCorr:     It protects you from acid and corrosion.
   Stlth:     It makes you more stealthy.
 I - a +2 robe of willpower
 N - a +2 cloak (worn)
Magical Staves
 b - a staff of conjuration
 v - a staff of poison
Jewellery
 g - the ring "Bosheigg" {Ice Fly Int+7}
   (You found it in a Gauntlet)

   [ring of ice]

   It enhances your ice magic.
   Int:       It affects your intelligence (+7).
   rF:        It makes you vulnerable to fire.
   rC:        It protects you from cold.
   Fly:       It grants you flight.
 h - the amulet of Dogma {Faith rElec rF- rC++ Str+3}
   (You found it on level 8 of the Dungeon)

   [amulet of faith]

   It allows you to gain divine favour quickly.
   Str:       It affects your strength (+3).
   rF:        It makes you vulnerable to fire.
   rC:        It greatly protects you from cold.
   rElec:     It insulates you from electricity.
 q - an amulet of the acrobat (around neck)
 t - a ring of protection from fire
 A - a ring of flight
 H - a ring of see invisible (right hand)
 M - a ring of positive energy
 Q - a +4 ring of evasion (left hand)
 S - a ring of protection from cold
 V - a ring of fire
Wands
 w - a wand of roots (8)
 G - a wand of charming (12)
 K - a wand of flame (77)
 U - a wand of mindburst (1)
 W - a wand of digging (1)
Scrolls
 d - 5 scrolls of teleportation
 k - 4 scrolls of enchant armour
 n - 7 scrolls of identify
 r - 7 scrolls of fog
 x - 2 scrolls of blinking
 O - a scroll of brand weapon
 Y - a scroll of torment
Potions
 c - 10 potions of curing
 e - a potion of invisibility
 f - a potion of cancellation
 j - 6 potions of flight
 l - 3 potions of resistance
 o - 3 potions of attraction
 p - 3 potions of mutation
 u - 3 potions of lignification
 z - a potion of haste
 C - 9 potions of ambrosia
 P - a potion of brilliance
Miscellaneous
 i - a phantom mirror
 J - a condenser vane (inert)
 Z - a tin of tremorstones (2/2)


   Skills:
 + Level 11.9 Fighting
 - Level 10.3 Short Blades
 + Level 11.3 Dodging
 + Level 12.3 Stealth
 + Level 11.4 Spellcasting
 - Level 11.9 Conjurations
 - Level 5.0 Hexes
 - Level 5.0 Translocations
 - Level 5.0 Ice Magic
 * Level 2.7 Poison Magic


You had 16 spell levels left.
You knew the following spells:

 Your Spells              Type           Power      Damage    Failure   Level
a - Magic Dart            Conj           100%       1d8       1%          1
b - Searing Ray           Conj           100%       2d8       1%          2
c - Dazzling Flash        Conj/Hex       100%       N/A       1%          3
d - Fulminant Prism       Conj/Hex       30%        3d16      1%          4
e - Iskenderun's Mystic   Conj/Tloc      61%        2d13      1%          4
f - Frozen Ramparts       Ice            94%        1d15      1%          3
g - Olgreb's Toxic Radia  Pois           33%        N/A       10%         4

Your spell library contained the following spells:

 Spells                   Type           Power      Damage    Failure   Level
 Apportation              Tloc           94%        N/A       1%          1
 Shock                    Conj/Air       100%       1d9       1%          1
 Ozocubu's Armour         Ice            47%        N/A       1%          3
 Beastly Appendage        Tmut           34%        N/A       3%          1
 Necrotise                Necr           68%        1d7       3%          1
 Summon Small Mammal      Summ           68%        N/A       3%          1
 Inner Flame              Hex/Fire       32%        N/A       3%          3
 Cause Fear               Hex            23%        N/A       3%          4
 Passage of Golubria      Tloc           47%        N/A       3%          4
 Wereblood                Tmut           17%        N/A       4%          2
 Spider Form              Tmut/Pois      25%        N/A       5%          3
 Swiftness                Air            17%        N/A       9%          3
 Ice Form                 Ice/Tmut       32%        N/A       11%         4
 Summon Ice Beast         Ice/Summ       32%        N/A       11%         4
 Airstrike                Air            8%         2d(2-18)  30%         4
 Silence                  Hex/Air        16%        N/A       30%         5
 Alistair's Intoxication  Tmut/Pois      16%        N/A       43%         5
 Ozocubu's Refrigeration  Ice            23%        4d12      97%         7
 Discord                  Hex            23%        N/A       100%        8
 Ignition                 Fire           8%         3d5       100%        8
 Lehudib's Crystal Spear  Conj/Erth      25%        10d7      100%        8


Dungeon Overview and Level Annotations

Branches:
Dungeon (15/15)            Temple (1/1) D:5            Lair (5/5) D:8
  Swamp (0/4) Lair:3       Spider (1/4) Lair:3        Slime (0/5) Lair:4
    Orc (2/2) D:10            Elf (0/3) Orc:2        Vaults (0/5) D:14
 Depths (0/4) D:15         Bailey (visited)         Gauntlet (visited)

Altars:
Ashenzari
Cheibriados
Dithmenos
Fedhas
Gozag
Hepliaklqana
Kikubaaqudgha
Makhleb
Nemelex Xobeh
Okawaru
Qazlal
Ru
Sif Muna
Trog
Uskayaw
Vehumet
Wu Jian
Xom
Yredelemnul
Jiyva

Shops:
D:2 (   D:15 :   Orc:1 *   Orc:2 :*[(

Annotations:
D:7 1 runed translucent door, sigtrap's ghost, novice MiFi
Lair:2 1 runed translucent door, valliere's ghost, journeyman OpTm


Innate Abilities, Weirdness & Mutations

You have hoof-like feet.
You sometimes emit foul miasma when damaged in melee.
You regenerate health from kills.
You have a tail ending in a sharp stinger.
Your touch may irresistibly damage your foes and sap their willpower.


Message History

Confirm with . or Enter, or press ? or * to list all spells.
Aiming: Searing Ray (safe; 1% risk of failure)
Press: ? - help, Shift-Dir - straight line, f - demonic crawler
Aim: a demonic crawler (severely wounded, 92% to hit)
The searing ray hits the demonic crawler but does no damage.
The demonic crawler is severely wounded. (Press . to maintain the ray.)
The demonic crawler shrieks in warning!
You hear a faint skittering sound.
You hear a hideous shriek!
The searing ray hits the demonic crawler but does no damage.
The demonic crawler is severely wounded.
The demonic crawler hits you.
You emit a cloud of foul miasma!
The demonic crawler hits you but does no damage.
The demonic crawler completely misses you.
The searing ray hits the demonic crawler.
The demonic crawler is almost dead.
The demonic crawler completely misses you.
The demonic crawler hits you!
The demonic crawler hits you but does no damage.
The demonic crawler shrieks in warning!
You hear a hideous shriek! x2; You hear a skittering sound.
Casting: Searing Ray (safe; 1% risk of failure)
Confirm with . or Enter, or press ? or * to list all spells.
Restarting spell: Searing Ray (safe; 1% risk of failure)
Press: ? - help, Shift-Dir - straight line, f/p - demonic crawler
Aim: a demonic crawler (foul pestilence, almost dead, catching its breath, 92% to hit)
The searing ray hits the demonic crawler.
The demonic crawler is almost dead. (Press . to maintain the ray.)
The demonic crawler hits you!
* * * LOW HITPOINT WARNING * * *
The demonic crawler hits you.
* * * LOW HITPOINT WARNING * * *
The demonic crawler barely misses you. The demonic crawler hits you!
* * * LOW HITPOINT WARNING * * *
The demonic crawler hits you.
* * * LOW HITPOINT WARNING * * *
The demonic crawler hits you!
You die...
Your body crumbles into a pile of gold.

#.....~≈#
##≈~s####
#.....~~# #~~##
# #.....~≈##
#≈~# #
#.....~~~# #~~~#
#......~~##
#~~##
#.......~~###≈~#
#.......~~≈~≈~~
#....s..$~~~~~#
##...@......##
#...#.....##
#.######### #.#
#.# ## #. #. ##
#


You could see a demonic crawler.

Vanquished Creatures
  Kirke (D:12)
  An orc warlord (Orc:2)
  An ironbound preserver (D:14)
  A dire elephant (Lair:5)
  An entropy weaver (Spider:1)
  A bunyip (shapeshifter) (D:14)
  An ettin (D:15)
  A radroach (Spider:1)
  4 catoblepae
  7 hydras
  5 boulder beetles
  8 centaur warriors
  Erica (D:8)
  An ogre mage (D:15)
  9 two-headed ogres
  A tengu warrior (D:13)
  Urug (Orc:2)
  14 death yaks
  3 orc high priests (Orc:2)
  Nergalle (Lair:1)
  A pharaoh ant (Spider:1)
  A fire crab (Lair:4)
  An orb spider (Spider:1)
  2 bog bodies (Lair:3)
  A wizard (D:15)
  2 deep trolls (D:15)
  4 orc knights
  A necromancer (D:15)
  3 lindwurms (Lair:5)
  6 orc sorcerers
  4 deep elf pyromancers
  A wolf spider (Spider:1)
  6 cyclopes
  3 manticores
  6 ugly things
  4 black mambas
  23 elephants
  Joseph (D:7)
  7 torpor snails
  14 cane toads
  6 rime drakes
  A kobold demonologist (D:9)
  12 komodo dragons
  A demonic crawler (Spider:1)
  A freezing wraith (D:14)
  An efreet (D:13)
  3 tengu conjurers
  A troll (shapeshifter) (D:13)
  4 polar bears
  6 meliai
  A queen bee (Spider:1)
  7 trolls
  4 tarantellas (Spider:1)
  11 slime creatures
  19 blink frogs
  2 dream sheep (Lair:5)
  2 small abominations (Gauntlet)
  3 jumping spiders (Spider:1)
  A jumping spider (shapeshifter) (D:14)
  2 shadows (D:10)
  A culicivora (Spider:1)
  Sigmund (D:6)
  A wraith (D:11)
  A centaur simulacrum (D:15)
  48 yaks
  4 wyverns
  6 basilisks
  3 hogs (D:12)
  A steam dragon (D:7)
  12 vampire mosquitoes
  A large abomination (Gauntlet)
  Menkaure (D:5)
  3 redbacks (Spider:1)
  2 wargs (Orc:1)
  3 acid dragons
  10 water moccasins
  A hornet zombie (D:9)
  A sky beast (D:6)
  A meliai simulacrum (D:13)
  3 black bears
  10 ogres
  21 orc warriors
  13 wolves
  14 centaurs
  3 phantoms
  8 gnoll sergeants (Bailey)
  2 kobold brigands
  7 bullfrogs
  A necrophage (D:9)
  2 scorpions
  A wyvern zombie (D:9)
  2 wights
  26 killer bees
  2 troll zombies (D:10)
  2 electric eels (Lair:3)
  7 howler monkeys
  3 centaur zombies (D:9)
  A human zombie (D:9)
  20 orc priests
  6 hounds
  5 jellies
  7 gnoll boudas
  Crazy Yiuf (D:6)
  A hell rat (Lair:5)
  An iguana (D:6)
  23 orc wizards
  4 ogre zombies (D:10)
  2 mummies (D:9)
  2 howler monkey zombies (D:9)
  19 gnolls
  4 river rats (Lair:4)
  8 adders
  A shadow imp (D:7)
  A white imp (D:5)
  2 ufetubi
  2 worms
  2 dart slugs (D:3)
  74 orcs
  9 ball pythons
  10 endoplasms
  3 giant cockroaches
  6 hobgoblins
  7 jackals
  18 kobolds
  5 quokkas
  5 bats
  3 frilled lizards
  A goblin skeleton (D:10)
  2 goblin zombies (D:10)
  4 hobgoblin zombies (D:10)
  4 orc skeletons (D:10)
  8 orc zombies (D:10)
  A rat (D:2)
  A spectral kobold (D:1)
  A butterfly (Lair:1)
  7 fulminant prisms
751 creatures vanquished.

Vanquished Creatures (collateral kills)
  A minotaur (Gauntlet)
  A hydra (Lair:4)
  3 death yaks (Lair:1)
  A wolf spider (Spider:1)
  A troll (D:14)
  2 yaks (Lair:4)
  A water moccasin (Lair:4)
  A centaur (D:8)
  2 bullfrogs
  5 killer bees (Spider:1)
  An orc wizard (Orc:2)
  2 hell rats (Lair:4)
  4 river rats (Lair:4)
  A butterfly (Lair:1)
26 creatures vanquished.

Vanquished Creatures (others)
  A centaur warrior (D:14)
  An orc high priest (Orc:2)
  A cyclops (D:13)
  A tengu conjurer (D:14)
  A troll (Orc:2)
  3 humans (D:12)
  A vampire mosquito (D:14)
  A centaur (D:14)
  A demonic plant (Gauntlet)
  310 fulminant prisms
  62 fungi
  124 plants
507 creatures vanquished.

Grand Total: 1284 creatures vanquished

Notes
Turn   | Place    | Note
-------+----------+-------------------------------------------
     0 | D:1      | croobank the Demonspawn Conjurer began the quest for the
                  | Orb.
     0 | D:1      | Reached XP level 1. HP: 13/13 MP: 3/3
   210 | D:1      | Found a faded altar of an unknown god.
   471 | D:1      | Reached skill level 2 in Stealth
   488 | D:1      | Gained mutation: You regenerate a little health from kills.
                  | [demonic ancestry]
   488 | D:1      | Reached XP level 2. HP: 19/19 MP: 1/5
   821 | D:1      | Learned a level 2 spell: Searing Ray
  1256 | D:2      | Found Duffol's Antique Weapon Boutique.
  1491 | D:2      | Discovered your monstrous ancestry.
  1491 | D:2      | Gained mutation: Your touch may inflict minor irresistible
                  | damage on your foes. [demonic ancestry]
  1491 | D:2      | Reached XP level 3. HP: 24/24 MP: 3/6
  2448 | D:2      | Gained mutation: You have a small tail. [demonic ancestry]
  2448 | D:2      | Reached XP level 4. HP: 31/31 MP: 2/7
  3230 | D:3      | Reached skill level 1 in Fighting
  3230 | D:3      | Reached skill level 1 in Short Blades
  4110 | D:4      | Noticed a phantom
  4139 | D:4      | Killed a phantom
  4140 | D:4      | Reached XP level 5. HP: 27/37 MP: 1/9
  4604 | D:4      | Reached skill level 3 in Stealth
  4618 | D:4      | Gained mutation: You may rarely emit foul miasma when
                  | damaged in melee. [demonic ancestry]
  4618 | D:4      | Reached XP level 6. HP: 26/44 MP: 0/10
  4716 | D:3      | Learned a level 3 spell: Dazzling Flash
  5524 | D:5      | Entered Level 5 of the Dungeon
  5679 | D:5      | Reached skill level 1 in Hexes
  5826 | D:5      | Reached skill level 5 in Conjurations
  5826 | D:5      | Gained mutation: Your touch may inflict irresistible damage
                  | on your foes. [demonic ancestry]
  5826 | D:5      | Reached XP level 7. HP: 39/51 MP: 3/12
  5942 | D:5      | Found a staircase to the Ecumenical Temple.
  5943 | D:5      | Identified the +0 helmet of Sin {Str+5}
  5975 | Temple   | Entered the Ecumenical Temple
  6247 | Temple   | Became a worshipper of Gozag Ym Sagoz the Greedy
  6805 | D:5      | Noticed Menkaure
  6812 | D:5      | Killed Menkaure
  7368 | D:6      | Reached skill level 4 in Stealth
  7501 | D:2      | Bought a faintly glowing dagger for 196 gold pieces
  7501 | D:2      | Identified the +2 dagger of Jazyufia {flame, rC+ Will-
                  | rCorr Int+8} (You bought it in a shop on level 2 of the
                  | Dungeon)
  7591 | D:6      | Gained mutation: Your touch may irresistibly damage your
                  | foes and sap their willpower. [demonic ancestry]
  7591 | D:6      | Reached XP level 8. HP: 58/58 MP: 4/14
  7912 | D:6      | Noticed Sigmund
  7941 | D:6      | Learned a level 4 spell: Fulminant Prism
  7947 | D:6      | Killed Sigmund
  8154 | D:6      | Found a runed translucent door.
  8155 | D:6      | Noticed Crazy Yiuf
  8160 | D:6      | Killed Crazy Yiuf
  8163 | D:6      | Identified the +3 hammer of Unpleasantness {flame, rF++}
  8925 | D:7      | Found a hide-covered altar of Uskayaw.
  9180 | D:7      | Found a runed translucent door.
  9183 | D:7      | Noticed sigtrap's ghost (novice MiFi)
  9312 | D:7      | Noticed Joseph
  9334 | D:7      | Killed Joseph
  9335 | D:7      | Reached skill level 5 in Stealth
  9335 | D:7      | Gained mutation: You have a tail ending in a sharp stinger.
                  | [demonic ancestry]
  9335 | D:7      | Reached XP level 9. HP: 15/65 MP: 0/16
  9802 | D:8      | Noticed a two-headed ogre
  9807 | D:8      | Killed a two-headed ogre
  9808 | D:8      | Reached skill level 5 in Spellcasting
  9844 | D:8      | Reached skill level 5 in Dodging
  9863 | D:8      | Noticed a two-headed ogre
  9875 | D:8      | Killed a two-headed ogre
  9876 | D:8      | Reached skill level 5 in Fighting
 10079 | D:8      | Learned a level 4 spell: Iskenderun's Mystic Blast
 10095 | D:8      | Identified the amulet of Dogma {Faith rElec rF- rC++ Str+3}
 10142 | D:8      | Gained mutation: You have large cloven feet. [demonic
                  | ancestry]
 10142 | D:8      | Reached XP level 10. HP: 64/74 MP: 1/18
 10459 | D:8      | Noticed Erica
 10465 | D:8      | Reached skill level 1 in Translocations
 10467 | D:8      | Killed Erica
 10468 | D:8      | Reached skill level 5 in Short Blades
 10468 | D:8      | Reached skill level 6 in Stealth
 11002 | D:8      | Found a staircase to the Lair.
 11066 | D:9      | Noticed a two-headed ogre
 11072 | D:9      | Killed a two-headed ogre
 11073 | D:9      | Reached skill level 5 in Hexes
 11684 | D:9      | Noticed a two-headed ogre
 11685 | D:9      | Found a flagged portal.
 11695 | Bailey   | Entered a bailey
 12152 | Bailey   | Gained mutation: You have hoof-like feet. [demonic
                  | ancestry]
 12152 | Bailey   | Reached XP level 11. HP: 81/81 MP: 1/20
 12680 | D:9      | Killed a two-headed ogre
 13354 | D:9      | Found a basalt altar of Yredelemnul.
 13448 | D:10     | Entered Level 10 of the Dungeon
 14129 | D:10     | You fall into a shaft and drop 3 floors!
 14132 | D:13     | Found a gate leading to a gauntlet.
 14158 | Gauntlet | Entered a Gauntlet
 14158 | Gauntlet | Noticed a soul eater
 14158 | Gauntlet | Found a large runed translucent door.
 14158 | Gauntlet | Found a large runed translucent door.
 14158 | Gauntlet | Found a large runed translucent door.
 14158 | Gauntlet | Found a large runed translucent door.
 14158 | Gauntlet | Found a transporter.
 14158 | Gauntlet | Found a runed translucent door.
 14158 | Gauntlet | Found a large runed translucent door.
 14158 | Gauntlet | Found a large runed translucent door.
 14158 | Gauntlet | Found a large runed translucent door.
 14158 | Gauntlet | Found a large runed translucent door.
 14158 | Gauntlet | Found a runed translucent gate.
 14158 | Gauntlet | Found a runed translucent gate.
 14158 | Gauntlet | Found a transporter.
 14158 | Gauntlet | Found a transporter.
 14159 | Gauntlet | Found a runed translucent door.
 14159 | Gauntlet | Found a runed translucent gate.
 14168 | Gauntlet | Found a transporter.
 14169 | Gauntlet | Found a transporter.
 14172 | Gauntlet | Found a transporter.
 14176 | Gauntlet | Noticed a necromancer
 14178 | Gauntlet | Found a transporter.
 14180 | Gauntlet | Found a transporter.
 14217 | Gauntlet | Found a transporter.
 14221 | Gauntlet | Found a runed translucent door.
 14223 | Gauntlet | Noticed a quicksilver ooze
 14225 | Gauntlet | Found a transporter.
 14229 | Gauntlet | Found a runed translucent door.
 14243 | Gauntlet | Noticed a wretched star
 14244 | Gauntlet | Found a transporter.
 14261 | Gauntlet | Found a transporter.
 14280 | Gauntlet | Found a large runed translucent door.
 14280 | Gauntlet | Found a large runed translucent door.
 14281 | Gauntlet | Found a large runed translucent door.
 14282 | Gauntlet | Found a large runed translucent door.
 14283 | Gauntlet | Found a large runed translucent door.
 14283 | Gauntlet | Found a large runed translucent door.
 14284 | Gauntlet | Found a large runed translucent door.
 14285 | Gauntlet | Found a large runed translucent door.
 14377 | Gauntlet | Reached skill level 7 in Stealth
 14669 | Gauntlet | HP: 2/83 [quicksilver ooze (10)]
 14675 | Gauntlet | Identified the ring "Bosheigg" {Ice Fly Int+7}
 15038 | Gauntlet | Identified the +10 glaive "Focwof" {flame, rF+ Str-4 Int+7}
 15038 | Gauntlet | Noticed a minotaur
 15051 | Gauntlet | Killed a minotaur
 15122 | Gauntlet | Identified the +2 helmet "Xidwogg" {rCorr Int+4 Stlth+}
 15291 | D:13     | Noticed a boulder beetle
 15474 | D:13     | Noticed a tengu warrior
 15477 | D:13     | Killed a boulder beetle
 15483 | D:13     | Killed a tengu warrior
 15866 | D:12     | Noticed Kirke
 15882 | D:12     | Killed Kirke
 16493 | D:10     | Noticed a two-headed ogre
 16498 | D:10     | Killed a two-headed ogre
 16499 | D:10     | Reached XP level 12. HP: 91/91 MP: 12/22
 17388 | D:10     | Found a staircase to the Orcish Mines.
 18100 | D:11     | Noticed a two-headed ogre
 18106 | D:11     | Killed a two-headed ogre
 18271 | Lair:1   | Entered Level 1 of the Lair of Beasts
 18614 | D:8      | Reached skill level 8 in Stealth
 19265 | Lair:1   | Noticed a death yak
 19265 | Lair:1   | Noticed a death yak
 19265 | Lair:1   | Noticed a death yak
 19267 | Lair:1   | Noticed a death yak
 19535 | Lair:1   | Reached skill level 5 in Translocations
 19651 | Lair:1   | Found a snail-covered altar of Cheibriados.
 19883 | Lair:1   | Killed a death yak
 19886 | Lair:1   | Killed a death yak
 19889 | Lair:1   | Killed a death yak
 19891 | Lair:1   | Killed a death yak
 20600 | Lair:2   | Found a runed translucent door.
 20719 | Lair:2   | Noticed Nergalle
 20988 | Lair:2   | Noticed valliere's ghost (journeyman OpTm)
 20990 | Lair:2   | Identified the +3 spear of the Heavens {freeze, Fragile
                  | rElec rCorr Dex-3}
 21108 | Lair:2   | You are sucked into a shaft and drop 2 floors!
 21109 | Lair:4   | Noticed a five-headed hydra
 21140 | Lair:4   | Killed a five-headed hydra
 21141 | Lair:4   | Gained mutation: You regenerate health from kills. [demonic
                  | ancestry]
 21141 | Lair:4   | Reached XP level 13. HP: 41/99 MP: 1/25
 21316 | Lair:3   | Reached skill level 9 in Stealth
 21492 | Lair:1   | Killed Nergalle
 22586 | Lair:3   | Found a staircase to the Swamp.
 22600 | Lair:3   | Reached skill level 10 in Conjurations
 22951 | Lair:3   | Found a hole to the Spider Nest.
 26372 | Lair:4   | Found a staircase to the Slime Pits.
 26379 | Lair:4   | Found a viscous altar of Jiyva.
 26739 | Lair:4   | Reached skill level 10 in Stealth
 26739 | Lair:4   | Reached XP level 14. HP: 75/108 MP: 2/27
 27435 | Lair:5   | Entered Level 5 of the Lair of Beasts
 27622 | Lair:5   | Learned a level 3 spell: Frozen Ramparts
 28747 | Lair:5   | Reached skill level 10 in Fighting
 29048 | Lair:5   | Identified the +6 scale mail of the Pink Corner {rC+ Will++
                  | Int+2 Dex+3}
 30086 | Lair:5   | Reached skill level 10 in Spellcasting
 30841 | Lair:4   | Reached skill level 10 in Dodging
 32249 | Lair:5   | Reached skill level 11 in Stealth
 33474 | D:12     | Reached skill level 10 in Short Blades
 33773 | D:12     | Gained mutation: You sometimes emit foul miasma when
                  | damaged in melee. [demonic ancestry]
 33773 | D:12     | Reached XP level 15. HP: 117/117 MP: 4/29
 35643 | Orc:1    | Entered Level 1 of the Orcish Mines
 35821 | Orc:2    | Entered Level 2 of the Orcish Mines
 35821 | Orc:2    | Noticed Urug
 35830 | Orc:2    | Killed Urug
 37060 | Orc:2    | Noticed an orc warlord
 37913 | Orc:1    | Found Null's Overcharged Wands.
 38028 | Orc:2    | Killed an orc warlord
 38460 | Orc:2    | Reached skill level 1 in Ice Magic
 39541 | Orc:2    | Found a staircase to the Elven Halls.
 39773 | Orc:2    | Found Konuigga's General Store.
 39774 | Orc:2    | Found Ynluijim's Book Shoppe.
 39776 | Orc:2    | Found Geusek's Antique Armour Shoppe.
 39776 | Orc:2    | Found Ebretor's Antique Weapon Emporium.
 40123 | D:14     | Found a gate to the Vaults.
 41880 | D:15     | Entered Level 15 of the Dungeon
 42695 | D:15     | Reached skill level 12 in Stealth
 42784 | D:15     | Found a staircase to the Depths.
 43429 | D:14     | Reached XP level 16. HP: 126/126 MP: 23/31
 44521 | D:15     | Reached skill level 5 in Ice Magic
 44735 | D:15     | Found Duahoul's Book Boutique.
 44876 | D:15     | Bought the Unrestrained Analects for 748 gold pieces
 44881 | D:15     | Learned a level 4 spell: Olgreb's Toxic Radiance
 45104 | Spider:1 | Entered Level 1 of the Spider Nest
 45751 | Spider:1 | Reached skill level 1 in Poison Magic
 46850 | Spider:1 | Mangled by a demonic crawler

Illustrated notes

Levels and vault maps discovered:
D:1:      scummos_arrival_forest, layout_loops_corners,
          dreamdust_ecumenical_altar_drowned_temple
D:2:      layout_basic, serial_shops, nicolae_shop_behind_doors
D:3:      layout_loops_ring, kennysheep_generic_room_2
D:4:      layout_rooms, serial_bayou_pond_b
D:5:      layout_cave_pods, minmay_temple_entry_grid, uniq_menkaure
D:6:      layout_rooms, uniq_crazy_yiuf_cottage, uniq_sigmund
D:7:      layout_gridville, eat_drink_and_be_merry_uskayaw,
          ebering_ghost_reflecting_pool, uniq_joseph
D:8:      layout_rooms, david_lair_shrubbed, ebering_dispersal_statue_hall,
          uniq_erica
D:9:      layout_basic, lemuel_mausoleum_altar_yredelemnul, enter_bailey_2
D:10:     layout_loops_ring, zombieorc1_lemuel
D:11:     layout_irregular_city
D:12:     layout_roguey, uniq_kirke
D:13:     minmay_distorted_concentric_squares, layout_rooms,
          gauntlet_entry_generic, hangedman_abyss_or_decor_lesser_grid
D:14:     minmay_spotlight, layout_loops_ring, skrybe_vaults_entry_preservation
D:15:     hangedman_depths_entry_civil_slaughter, layout_long_grid,
          nicolae_twisting_strands, serial_glass, glass_columns_a,
          glass_columns_a, glass_columns_b, glass_columns_c, glass_columns_a,
          serial_shops, shop_fountains
Temple:   mainiacjoe_temple_cubbyholes
Lair:1:   layout_loops_ring, kennysheep_snail_temple, lemuel_fruit_fields
Lair:2:   layout_loops_ring, ebering_ghost_funeral_grove, portal_ice_cave_rime,
          uniq_nergalle
Lair:3:   layout_cave_shapes, skrybe_swamp_entry_bodies, dummy_spider_entry,
          lemuel_fruit_tree, grunt_megastairs_3, serial_bayou_shore_a
Lair:4:   nzn_winding_woodlands_large [nzn_winding_woodlands_5x5_default,
          nzn_winding_woodlands_5x15_sidewinder,
          nzn_winding_woodlands_5x5_cross,
          nzn_winding_woodlands_center_pierced_h,
          nzn_winding_woodlands_15x15_boxy_spiral,
          nzn_winding_woodlands_center_triple_pond,
          nzn_winding_woodlands_5x5_closed_star,
          nzn_winding_woodlands_5x15_parted,
          nzn_winding_woodlands_5x5_perimeter], layout_misc_corridors,
          dpeg_slime_entry_corner, kennysheep_rathole
Lair:5:   hangedman_lair_in_review, layout_cave_pods,
          chequers_serial_rivers_micro_a
Spider:1: layout_cave_pods, special_room [special_room_bee], worms_lemuel,
          uniq_nikola
Orc:1:    layout_diamond_mine, nicolae_shop_overcharged_wands
Orc:2:    st_orc_congregation, layout_caves, uniq_urug

Skill      XL: |  1  2  3  4  5  6  7  8  9 10 11 12 13 14 15 16 |
---------------+-------------------------------------------------+-----
Stealth        | 2 3 4 5 6 7 8 10 11 12 | 12.3
Dodging        | 2 3 4 5 6 7 8 9 10 11 | 11.3
Fighting       | 1 2 3 4 5 6 7 8 9 10 11 | 11.9
Short Blades   | 1 2 4 5 6 7 9 10 | 10.3
Spellcasting   | 3 4 5 6 7 8 9 10 11 | 11.4
Hexes          | 1 2 3 4 5 |  5.0
Conjurations   | 5 6 7 8 9 10 11 | 11.9
Translocations | 2 4 5 |  5.0
Ice Magic      | 4 5 |  5.0
Poison Magic   | 2 |  2.7

Action                   |  1- 3 |  4- 6 |  7- 9 | 10-12 | 13-15 | 16-18 || total
-------------------------+-------+-------+-------+-------+-------+-------++-------
Melee: Dagger            |    11 |    31 |    66 |   216 |   201 |       ||   525
       Touch             |       |     5 |     6 |    56 |    85 |     8 ||   160
       Tailslap          |       |     3 |    14 |    60 |    77 |    12 ||   166
       Punch             |       |       |     1 |     5 |     6 |     2 ||    14
       Kick              |       |       |       |    91 |   162 |    15 ||   268
       Staff             |       |       |       |    23 |    12 |       ||    35
       Mace              |       |       |       |       |    90 |     5 ||    95
       Scimitar          |       |       |       |       |    35 |    35 ||    70
       War axe           |       |       |       |       |    10 |       ||    10
 Fire: Arbalest          |       |     6 |       |       |       |       ||     6
       Shortbow          |       |       |       |       |     2 |       ||     2
Throw: Boomerang         |       |       |       |       |       |     3 ||     3
 Cast: Magic Dart        |    36 |    32 |    46 |   114 |   197 |    14 ||   439
       Searing Ray       |    15 |    29 |    30 |   106 |   177 |    20 ||   377
       Dazzling Flash    |       |     2 |     6 |    12 |     3 |       ||    23
       Fulminant Prism   |       |       |     6 |    50 |   236 |    26 ||   318
       Iskenderun's Myst |       |       |       |    57 |   200 |    25 ||   282
       Frozen Ramparts   |       |       |       |       |     1 |       ||     1
       Olgreb's Toxic Ra |       |       |       |       |       |     6 ||     6
Invok: Potion Petition   |       |       |       |     1 |     4 |     1 ||     6
Evoke: Wand              |       |       |       |     1 |    22 |     1 ||    24
       Phantom mirror    |       |       |       |     1 |     2 |       ||     3
       Condenser vane    |       |       |       |     1 |     1 |     1 ||     3
  Use: Potion            |       |     3 |     2 |     7 |     8 |     1 ||    21
       Scroll            |       |     9 |    10 |    15 |     8 |     4 ||    46
 Stab: Invisible         |       |       |     3 |     9 |     7 |       ||    19
       Sleeping          |       |       |       |     9 |     4 |       ||    13
       Distracted        |       |       |       |     2 |     2 |     1 ||     5
Armor: Robe              |       |     9 |    14 |    54 |   145 |    13 ||   235
       Skin              |       |       |       |       |       |     2 ||     2
Dodge: Dodged            |    10 |    59 |    74 |   373 |   599 |   105 ||  1220
